 Dungeon Crawl Stone Soup version 0.25-a0-253-g6f1b5d974a (webtiles) character file.

Game seed: 12966426323500157646, levelgen mode: classic

1753 Borgoz the Slasher (level 9, -5/56 HPs)
             Began as a Gargoyle Fighter on Dec 6, 2019.
             Was a Follower of Ashenzari.
             Slain by an orc warrior
             ... wielding a +0 scimitar
              (21 damage)
             ... on level 6 of the Dungeon.
             The game lasted 00:09:47 (4435 turns).

Borgoz the Slasher (Gargoyle Fighter)               Turns: 4435, Time: 00:09:48

Health: -5/56      AC: 13    Str: 22    XL:     9   Next: 6%
Magic:  9/9        EV: 12    Int: 10    God:    Ashenzari [*.....]
Gold:   212        SH:  0    Dex:  9    Spells: 8/8 levels left

rFire    . . .     SeeInvis .   a - +0 long sword (curse)
rCold    . . .     Gourm    .   (no shield)
rNeg     + . .     Faith    .   t - +1 ring mail of the Gloaming {Slay+4}
rPois    ∞         Spirit   .   (no helmet)
rElec    +         Reflect  .   (no cloak)
rCorr    .         Harm     .   (no gloves)
MR       .....                  (no boots)
Stlth    +.........             (no amulet)
HPRegen  0.18/turn              C - ring of stealth
MPRegen  0.11/turn              (no ring)

@: confused
A: negative energy resistance 1, electricity resistance, unbreathing,
petrification resistance, rot immunity, AC +6
a: Curse Item, Scrying, Renounce Religion


You were on level 6 of the Dungeon.
You worshipped Ashenzari.
Ashenzari was aware of your devotion.
You were not hungry.

You visited 1 branch of the dungeon, and saw 6 of its levels.

You collected 212 gold pieces.

Inventory:

Hand Weapons
 a - a cursed +0 long sword (weapon)
Armour
 t - the +1 ring mail of the Gloaming (worn) {Slay+4}
   (You found it on level 6 of the Dungeon)

   It affects your accuracy and damage with ranged weapons and melee attacks
   (+4).
Jewellery
 e - an uncursed ring of fire
 C - a ring of stealth (left hand)
Wands
 d - a wand of paralysis (9)
 y - a wand of iceblast (5)
Scrolls
 g - a scroll of enchant armour {unknown}
 j - 3 scrolls of blinking {unknown}
 k - 2 scrolls of remove curse
 l - 3 scrolls of fear {unknown}
 m - 2 scrolls of teleportation {unknown}
 n - 2 scrolls of magic mapping {unknown}
 p - a scroll of noise {unknown}
 q - 2 scrolls of enchant weapon {unknown}
 r - a scroll of amnesia {unknown}
Potions
 h - a potion of agility
 o - 3 potions of curing
 s - a potion of brilliance
 u - a potion of flight
 v - a potion of magic
 z - 2 potions of mutation {unknown}
 A - a potion of berserk rage {unknown}
Comestibles
 f - 11 rations
 w - 5 chunks of flesh


   Skills:
 + Level 6.4 Fighting
 * Level 6.8 Long Blades
 + Level 6.4 Armour
 + Level 4.0 Dodging
   Level 3.2 Shields


You had 8 spell levels left.
You didn't know any spells.
Your spell library was empty.

Dungeon Overview and Level Annotations

Branches:
Dungeon (6/15)             Temple (0/1) D:4

Altars:
Ashenzari
Dithmenos
Makhleb
Nemelex Xobeh
Okawaru
Uskayaw
Wu Jian

Shops:
D:6 *


Innate Abilities, Weirdness & Mutations

You are resistant to torment.
Your stone body is resilient. (AC +6)
You are immune to poison.
You resist negative energy. (rN+)
You are resistant to electric shocks. (rElec)
You can survive without breathing.
You are immune to petrification.
You are immune to rotting.


Message History

The orc warrior hits you with a +0 scimitar.
You are confused.
You feel invigorated.
The orc warrior hits you with a +0 scimitar!!
* * * LOW HITPOINT WARNING * * *
You miss the orc warrior.
You bump into the rock wall.
The orc warrior barely misses you.
The orc priest calls down the wrath of Beogh upon you.
Beogh smites you!
* * * LOW HITPOINT WARNING * * *
An orc comes into view. It is wielding a -2 dagger.
You hear a shout!
Unknown command.
You're too confused!
You bump into the metal wall.
You hear a shout!
You hear a loud, deep croak!
The orc warrior barely misses you.
You bump into the metal wall.
The orc warrior hits you with a +0 scimitar!!
You die...

## ### ... ..# ##.## #..
## ..... #.# #. ......#.#
## ......#.# . .._.....#
#. #o# #.. #@# ## .. #o#
#. ####.####o# ##### ##
o...oo..oo## ####...####
.......o.o.#####....##[[[.
.......?.#.......#####.##.
..#.....##..###### #...#..
###.####..#### #.#...#
#.#........# ##.#.###


You could see an orc warrior, an orc priest and 4 orcs.

Vanquished Creatures
  Sigmund (D:5)
  A water moccasin (D:6)
  Duvessa (D:6)
  2 sky beasts
  3 ogres
  2 centaurs
  Dowan (D:6)
  3 scorpions (D:4)
  A crimson imp (D:5)
  A bullfrog zombie (D:5)
  A bullfrog skeleton (D:4)
  A hound (D:5)
  2 orc priests (D:5)
  A centaur skeleton (D:5)
  A gnoll shaman (D:4)
  A worker ant (D:4)
  2 orc wizards
  A hound skeleton (D:6)
  4 gnolls (D:4)
  11 adders
  An ooze (D:3)
  An adder zombie (D:5)
  3 worms
  5 leopard geckos
  7 orcs
  3 bats (D:1)
  5 giant cockroaches
  7 goblins
  4 hobgoblins
  8 jackals
  5 kobolds
  2 quokkas
  2 ball pythons
  8 frilled lizards
  5 rats
107 creatures vanquished.

Vanquished Creatures (others)
  2 orcs (D:5)
2 creatures vanquished.

Grand Total: 109 creatures vanquished

Notes
Turn   | Place    | Note
-------+----------+-------------------------------------------
     0 | D:1      | Borgoz the Gargoyle Fighter began the quest for the Orb.
     0 | D:1      | Reached XP level 1. HP: 14/14 MP: 1/1
   129 | D:1      | Reached XP level 2. HP: 18/19 MP: 2/2
  1048 | D:2      | Found a sparkling altar of Nemelex Xobeh.
  1050 | D:2      | Found a burning altar of Makhleb.
  1050 | D:2      | Found an ornate altar of the Wu Jian Council.
  1054 | D:2      | Reached XP level 3. HP: 21/23 MP: 3/3
  1401 | D:3      | Found a shattered altar of Ashenzari.
  1409 | D:3      | Reached skill level 1 in Dodging
  1430 | D:3      | Became a worshipper of Ashenzari the Shackled
  1629 | D:3      | Reached XP level 4. HP: 29/29 MP: 4/4
  2260 | D:4      | Noticed an ogre
  2286 | D:4      | Killed an ogre
  2286 | D:4      | Reached XP level 5. HP: 33/33 MP: 5/5
  2300 | D:4      | Found a staircase to the Ecumenical Temple.
  2355 | D:4      | Reached XP level 6. HP: 37/38 MP: 6/6
  2904 | D:4      | Noticed a sky beast
  2942 | D:4      | Reached XP level 7. HP: 43/44 MP: 7/7
  2984 | D:4      | Reached skill level 5 in Fighting
  2984 | D:4      | Reached skill level 5 in Armour
  3096 | D:5      | Entered Level 5 of the Dungeon
  3117 | D:5      | Reached * piety under Ashenzari
  3146 | D:5      | Reached skill level 5 in Long Blades
  3239 | D:5      | Found a shadowy altar of Dithmenos.
  3387 | D:5      | Noticed Sigmund
  3392 | D:5      | Killed Sigmund
  3392 | D:5      | Reached XP level 8. HP: 50/50 MP: 8/8
  3446 | D:5      | Found a hide-covered altar of Uskayaw.
  3897 | D:6      | Noticed Duvessa
  3898 | D:6      | Noticed Dowan
  3914 | D:6      | Killed Duvessa
  3932 | D:6      | Killed Dowan
  4138 | D:6      | Identified the +1 ring mail of the Gloaming {Slay+4}
  4214 | D:6      | Found Affegrun's Serpentskin Sales.
  4227 | D:6      | Reached XP level 9. HP: 36/56 MP: 9/9
  4427 | D:6      | Found an iron altar of Okawaru.
  4435 | D:6      | Slain by an orc warrior

Levels and vault maps discovered:
D:1:      sevenhm_arrival_forest_fort_large_4, layout_basic,
          serial_corexii_hall, chequers_hall_statues_wall_a,
          chequers_hall_statues_corner_a, hex_large, minmay_close_crescents
D:2:      layout_basic, chequers_temple_overflow_statue_of_worship
D:3:      layout_basic, evilmike_ruin_ashenzari
D:4:      minmay_clustersquares, layout_basic, minmay_temple_entry_crystal_x,
          first_ration
D:5:      layout_gridville, nicolae_overflow_hidden_temple, kennysheep_mini,
          small_statue_intersection, uniq_sigmund
D:6:      layout_rooms, old_standard_altar, chequers_serial_rivers_micro_a,
          kennysheep_cluttered_room, guppyfry_shop_venom, uniq_duvessa

Skill      XL: |  1  2  3  4  5  6  7  8 |
---------------+-------------------------+-----
Long Blades    | 2 3 4 5 6 |  6.8
Dodging        | 1 2 3 4 |  4.0
Fighting       | 4 5 6 |  6.4
Armour         | 4 5 6 |  6.4
Shields        | |  3.2

Action                   |  1- 3 |  4- 6 |  7- 9 || total
-------------------------+-------+-------+-------++-------
Melee: Long sword        |   104 |   129 |   209 ||   442
Invok: Curse Item        |     2 |       |       ||     2
Evoke: Wand              |       |     1 |     3 ||     4
  Use: Scroll            |     7 |       |     3 ||    10
       Potion            |       |     3 |     3 ||     6
 Stab: Invisible         |       |     1 |     1 ||     2
       Paralysed         |       |     7 |       ||     7
  Eat: Chunk             |     2 |     5 |     5 ||    12
Armor: Scale mail        |    69 |    79 |   105 ||   253
       Ring mail         |       |       |    12 ||    12
Dodge: Dodged            |    74 |    79 |   135 ||   288
       Rpst.: Long sword |    23 |    29 |    35 ||    87

Table legend:
 A = Non-vault XP
 B = Vault XP
 C = Vault XP percentage of total XP
 D = Non-vault monster count
 E = Vault monster count
 F = Vault count percentage of total count
                 A         B        C        D         E       F
            +---------+---------+-------+---------+---------+-------
      Total |    1507 |     998 |  39.8 |      87 |      21 |  19.4
            +---------+---------+-------+---------+---------+-------
        D:1 |      16 |      13 |  44.8 |      10 |       7 |  41.2
        D:2 |      19 |       0 |   0.0 |      11 |       0 |   0.0
        D:3 |      36 |       0 |   0.0 |      12 |       0 |   0.0
        D:4 |     539 |     349 |  39.3 |      23 |       8 |  25.8
        D:5 |     496 |     242 |  32.8 |      22 |       1 |   4.3
        D:6 |     401 |     394 |  49.6 |       9 |       5 |  35.7
            +---------+---------+-------+---------+---------+-------
